 Dungeon Sprint DCSS version 0.19.5 (webtiles) character file.

2959 Groucho the Cleaver (level 9, 0/79 HPs)
             Began as a Demonspawn Berserker on Mar 27, 2017.
             Was a High Priest of Trog.
             Slain by a komodo dragon (22 damage)
             ... in the Dungeon (Sprint IX: "|||||||||||||||||||||||||||||").
             The game lasted 00:02:58 (1371 turns).

Groucho the Cleaver (Demonspawn Berserker)          Turns: 1371, Time: 00:02:59

Health: 0/79       AC: 17    Str: 21    XL:     9   Next: 52%
Magic:  9/9        EV: 14    Int:  9    God:    Trog [*****.]
Gold:   0          SH:  0    Dex: 12    Spells: 0 memorised, 8 levels left

rFire  . . .     SeeInvis .     q - +3 war axe (freeze)
rCold  . . .     Gourm    .     n - +0 plate armour
rNeg   . . .     Faith    .     (no shield)
rPois  .         Spirit   .     (no helmet)
rElec  .         Reflect  .     (no cloak)
rCorr  .         Harm     .     m - +0 pair of gloves
MR     ++...     NoTele   +     (no boots)
Stlth  ..........               (no amulet)
                                p - +2 ring of evasion
                                o - +2 ring of evasion

@: lethally poisoned (0 -> 0), regenerating
A: hooves 2, slimy green scales 1, rot immunity
a: Berserk, Trog's Hand, Brothers in Arms, Burn Spellbooks, Renounce Religion


You were in the Dungeon.
You worshipped Trog.
Trog was extremely pleased with you.
You were hungry.

You visited 1 branch

Inventory:

Hand Weapons
 q - a +3 war axe of freezing (weapon)
Armour
 m - a +0 pair of gloves (worn)
 n - a +0 plate armour (worn)
Jewellery
 o - a +2 ring of evasion (left hand)
 p - a +2 ring of evasion (right hand)
Wands
 l - a wand of iceblast (7/15)
Scrolls
 h - a scroll of identify
 i - 3 scrolls of blinking
 k - 3 scrolls of remove curse
 r - 4 scrolls of enchant armour
Potions
 a - 2 potions of brilliance
 b - a potion of berserk rage
 d - 5 potions of curing
 e - 7 potions of heal wounds
 f - a potion of haste
 g - 4 potions of magic
 j - a potion of invisibility
Comestibles
 c - a royal jelly


   Skills:
 + Level 10.5 Fighting
 * Level 12.9 Axes
 + Level 9.4 Armour
 + Level 9.4 Dodging


You had 8 spell levels left.
You didn't know any spells.

Dungeon Overview and Level Annotations

Branches:
Dungeon (1/1)

Altars:
Cheibriados
Dithmenos
Elyvilon
Fedhas
Gozag
Hepliaklqana
Kikubaaqudgha
Makhleb
Nemelex Xobeh
Okawaru
Qazlal
Ru
Sif Muna
Trog
Uskayaw
Vehumet
Xom
Yredelemnul
Zin
The Shining One
Beogh
Jiyva
Lugonu


Innate Abilities, Weirdness & Mutations

You have hoof-like feet.
You are partially covered in slimy green scales. (AC +2)
You are immune to rotting.


Message History

The spiny frog poisons you!
You hit the spiny frog. You freeze the spiny frog.
You kill the spiny frog!
Trog accepts your kill.
You feel sick.
Unknown command.
You slash the komodo dragon!
The komodo dragon seems to slow down.
You freeze the komodo dragon. Your kick misses the komodo dragon.
The komodo dragon is moderately wounded.
You feel sick. The komodo dragon barely misses you.
Your plate armour prevents you from hitting the komodo dragon.
You kick the komodo dragon.
The komodo dragon is heavily wounded.
You feel sick.
You slash the komodo dragon!
The komodo dragon seems to slow down.
You freeze the komodo dragon.
You kick the komodo dragon, but do no damage.
The komodo dragon is severely wounded.
You feel sick. The komodo dragon bites you!!
You die...

▓.▓.▓.▓
▓.▓.▓.▓
▓=▓.▓.▓
▓.▓.▓.▓
▓.▓.▓'▓
▓.▓.▓_▓
▓.▓.▓_▓
▓.▓.▓_▓
▓@▓.▓_▓
▓l▓.▓_▓
▓Y▓.▓_▓
▓r▓.▓_▓
▓.▓.▓_▓
▓.▓.▓_▓
▓.▓.▓_▓
▓.▓.▓_▓
▓.▓_▓


You could see a komodo dragon, a yak and a porcupine.

Vanquished Creatures
  A cyclops (D)
  A black mamba (D)
  A gargoyle (D)
  2 spiny frogs (D)
  2 trolls (D)
  A hippogriff (D)
  A basilisk (D)
  A yak (D)
  A porcupine (D)
  2 ice beasts (D)
  An ogre (D)
  A big kobold (D)
  A gnoll shaman (D)
  2 iguanas (D)
  An adder (D)
  An ooze (D)
  A leopard gecko (D)
  An orc (D)
  A bat (D)
  A bat skeleton (D)
  A bat zombie (D)
  A giant cockroach (D)
  A goblin (D)
  A frilled lizard (D)
28 creatures vanquished.

Notes
Turn   | Place    | Note
-------+----------+-------------------------------------------
     0 | D        | Groucho the Demonspawn Berserker began the quest for the Orb.
     0 | D        | Reached XP level 1. HP: 18/18 MP: 1/1
    15 | D        | Reached skill level 3 in Axes
    20 | D        | Reached ** piety under Trog
   314 | D        | Noticed a gnoll shaman
   319 | D        | Gained mutation: You are partially covered in slimy green scales. (AC +2) [demonic ancestry]
   319 | D        | Reached XP level 2. HP: 21/24 MP: 2/2
   321 | D        | Reached *** piety under Trog
   325 | D        | Reached skill level 4 in Axes
   325 | D        | Reached XP level 3. HP: 11/30 MP: 3/3
   330 | D        | Reached skill level 5 in Axes
   344 | D        | Found a roughly hewn altar of Beogh.
   344 | D        | Found a snail-covered altar of Cheibriados.
   344 | D        | Found a shadowy altar of Dithmenos.
   344 | D        | Found a white marble altar of Elyvilon.
   344 | D        | Found a blossoming altar of Fedhas.
   344 | D        | Found an opulent altar of Gozag.
   345 | D        | Found a hazy altar of Hepliaklqana.
   346 | D        | Found a viscous altar of Jiyva.
   347 | D        | Found an ancient bone altar of Kikubaaqudgha.
   348 | D        | Found a corrupted altar of Lugonu.
   349 | D        | Found a burning altar of Makhleb.
   350 | D        | Found a sparkling altar of Nemelex Xobeh.
   351 | D        | Found an iron altar of Okawaru.
   352 | D        | Found a stormy altar of Qazlal.
   353 | D        | Found a sacrificial altar of Ru.
   354 | D        | Found a deep blue altar of Sif Muna.
   355 | D        | Found a bloodstained altar of Trog.
   356 | D        | Found a hide-covered altar of Uskayaw.
   357 | D        | Found a radiant altar of Vehumet.
   358 | D        | Found a shimmering altar of Xom.
   359 | D        | Found a basalt altar of Yredelemnul.
   360 | D        | Found a glowing silver altar of Zin.
   361 | D        | Found a glowing golden altar of the Shining One.
   731 | D        | Noticed an ice beast
   731 | D        | Noticed a troll
   731 | D        | Noticed a hippogriff
   731 | D        | Noticed a gargoyle
   829 | D        | Killed an ice beast
   829 | D        | Reached skill level 5 in Fighting
   829 | D        | Reached skill level 6 in Axes
   829 | D        | Reached XP level 4. HP: 39/39 MP: 4/4
   829 | D        | Reached XP level 5. HP: 44/44 MP: 5/5
   831 | D        | Killed a troll
   831 | D        | Reached **** piety under Trog
   831 | D        | Reached skill level 8 in Axes
   831 | D        | Reached skill level 5 in Armour
   831 | D        | Reached skill level 5 in Dodging
   831 | D        | Gained mutation: You are immune to rotting. [demonic ancestry]
   831 | D        | Reached XP level 6. HP: 53/53 MP: 6/6
   838 | D        | Killed a hippogriff
   838 | D        | Reached skill level 9 in Axes
   838 | D        | Reached XP level 7. HP: 60/60 MP: 7/7
  1018 | D        | Killed a gargoyle
  1018 | D        | Reached skill level 10 in Axes
  1042 | D        | Noticed a troll
  1042 | D        | Noticed a cyclops
  1052 | D        | Reached ***** piety under Trog
  1058 | D        | Gained mutation: You have large cloven feet. [demonic ancestry]
  1058 | D        | Reached XP level 8. HP: 51/69 MP: 8/8
  1067 | D        | Killed a troll
  1067 | D        | Reached skill level 11 in Axes
  1074 | D        | Killed a cyclops
  1076 | D        | Received a gift from Trog
  1322 | D        | Got the ring "Ulepnot" {Dex+2 Stlth+}
  1336 | D        | Noticed a black mamba
  1336 | D        | Noticed a spiny frog
  1336 | D        | Noticed a spiny frog
  1341 | D        | Noticed a komodo dragon
  1341 | D        | Gained mutation: You have hoof-like feet. [demonic ancestry]
  1341 | D        | Reached XP level 9. HP: 78/78 MP: 9/9
  1345 | D        | Killed a black mamba
  1345 | D        | Reached skill level 10 in Fighting
  1345 | D        | Reached skill level 12 in Axes
  1356 | D        | Killed a spiny frog
  1368 | D        | Killed a spiny frog
  1371 | D        | Slain by a komodo dragon

Skill      XL: |  1  2  3  4  5  6  7  8  9 |
---------------+----------------------------+-----
Axes           | 3 4 6 8 9 10 11 12 | 12.9
Armour         | 2 3 4 5 6 7 8 9 |  9.4
Dodging        | 2 3 4 5 6 7 8 9 |  9.4
Fighting       | 4 5 6 7 8 9 10 | 10.5

Action                   |  1- 3 |  4- 6 |  7- 9 || total
-------------------------+-------+-------+-------++-------
Melee: Hand axe          |    41 |       |       ||    41
       War axe           |     7 |     8 |    77 ||    92
       Kick              |       |       |    20 ||    20
Invok: Berserk           |     2 |       |     1 ||     3
       Trog's Hand       |     1 |       |     2 ||     3
  Use: Potion            |     1 |       |     1 ||     2
       Scroll            |     1 |       |       ||     1
  Eat: Bread ration      |     1 |       |       ||     1
Armor: Animal skin       |     6 |       |       ||     6
       Plate armour      |     4 |     8 |    20 ||    32
Dodge: Dodged            |    41 |     6 |    44 ||    91
